 Dungeon Crawl Stone Soup version 0.28.0 (webtiles) character file.

Game seed: 2822911827874183549

6 Descartes the Grasshopper (level 2, -2/22 HPs)
             Began as a Formicid Warper on Feb 7, 2022.
             Slain by a kobold (5 damage)
             ... on level 1 of the Dungeon.
             The game lasted 00:00:42 (449 turns).

Descartes the Grasshopper (Formicid Warper)          Turns: 449, Time: 00:00:43

Health: -2/22      AC:  3    Str: 15    XL:     2   Next: 0%
Magic:  5/5        EV: 11    Int: 12    God:
Gold:   8          SH:  0    Dex: 10    Spells: 5/5 levels left

rFire   . . .      SeeInvis +   a - +0 hand axe
rCold   . . .      Faith    .   (no shield)
rNeg    . . .      Spirit   .   b - +0 leather armour
rPois   .          Reflect  .   (helmet unavailable)
rElec   .          Harm     .   (no cloak)
rCorr   .          Rampage  .   (no gloves)
Will    .....                   (no boots)
Stlth   +.........              (no amulet)
HPRegen 0.07/turn               (no ring)
MPRegen 0.09/turn               (no ring)

@: no status effects
A: permanent stasis, dig shafts and tunnels, antennae 3, four strong arms
a: Dig, Shaft Self


You were on level 1 of the Dungeon.
You visited 1 branch of the dungeon, and saw 1 of its levels.

You collected 8 gold pieces.

Inventory:

Hand Weapons
 a - a +0 hand axe (weapon)
Missiles
 c - 5 boomerangs of dispersal (quivered)
 d - a stone
Armour
 b - a +0 leather armour (worn)
Scrolls
 e - a scroll of enchant armour {unknown}


   Skills:
 - Level 2.1 Fighting
 + Level 2.2 Axes
 - Level 1.0 Throwing
 + Level 1.5 Armour
 - Level 1.7 Dodging
 - Level 2.1 Spellcasting
 + Level 2.8 Translocations


You had 5 spell levels left.
You didn't know any spells.
Your spell library contained the following spells:

 Spells                   Type           Power      Damage    Failure   Level
 Gell's Gravitas          Tloc           8%         N/A       30%         3
 Lesser Beckoning         Tloc           8%         N/A       30%         3
 Teleport Other           Tloc           8%         N/A       30%         3
 Manifold Assault         Tloc           8%         N/A       96%         5
 Blink                    Tloc           Unusable   N/A       N/A         2

Dungeon Overview and Level Annotations

Branches:
Dungeon (1/15)

Altars:


Innate Abilities, Weirdness & Mutations

You cannot be hasted, slowed, berserked, paralysed or teleported.
You can dig through walls and to a lower floor.
You have a pair of large antennae on your head. (SInv)
Your four strong arms can wield two-handed weapons with a shield.


Message History

The frilled lizard is heavily wounded.
The frilled lizard bites you.
You hit the frilled lizard.
You kill the frilled lizard!
You see here a frilled lizard corpse.
A goblin and a kobold come into view.
Found a brown potion.
The goblin shouts!
The kobold shouts!
An endoplasm comes into view.
The kobold moves out of view.
You closely miss the goblin. The goblin misses you.
The endoplasm quivers.
You hit the goblin. You punch the goblin, but do no damage.
The goblin is severely wounded.
The goblin hits you with a +0 club.
You barely miss the goblin.
The goblin is severely wounded.
You miss the kobold. The kobold barely misses you.
The goblin hits you with a +0 club.
You hit the goblin.
You kill the goblin!
You barely miss the kobold.
The kobold hits you with a +0 short sword.
The kobold completely misses you.
You have reached level 2!
You barely miss the kobold. You hit the endoplasm. The endoplasm hits you.
The kobold hits you with a +0 short sword.
* * * LOW HITPOINT WARNING * * *
You completely miss the kobold. You hit the endoplasm.
The endoplasm freezes you.
You are frozen.
* * * LOW HITPOINT WARNING * * *
The kobold hits you with a +0 short sword.
* * * LOW HITPOINT WARNING * * *
A bat comes into view.
You hit the endoplasm.
You kill the endoplasm!
You barely miss the kobold.
The kobold hits you with a +0 short sword.
You die...

.... .# ....... ####.###
......... ........
.........###.....J
..........##.....
..........##...# #
..........?...#.#.#.
...>................ .#
#........#@)##!.. ...
#........#.K...... #
#.##........#........ #
.#...........###...... #
.......†########.#b..#
####.............#.#....
.................# # ##.
.................#
.................###


You could see a bat and a kobold.

Vanquished Creatures
  3 endoplasms (D:1)
  A goblin (D:1)
  A kobold (D:1)
  A frilled lizard (D:1)
6 creatures vanquished.

Notes
Turn   | Place    | Note
-------+----------+-------------------------------------------
     0 | D:1      | Descartes the Formicid Warper began the quest for the Orb.
     0 | D:1      | Reached XP level 1. HP: 16/16 MP: 3/3
   447 | D:1      | Reached XP level 2. HP: 11/22 MP: 5/5
   449 | D:1      | Slain by a kobold

Illustrated notes

Levels and vault maps discovered:
D:1:      psy_arrival_whirlpool, layout_basic

Action                   || total
-------------------------++-------
Melee: Hand axe          ||    25
       Punch             ||     2
Armor: Leather armour    ||     4
Dodge: Dodged            ||    11
